 Dungeon Crawl Stone Soup version 0.29.1-2-gbd0b4ee654 (webtiles) character file.

Game seed: 13634084833858219262

54 xian the Trooper (level 3, 0/49 HPs)
             Began as a Draconian Abyssal Knight on Nov 12, 2022.
             Was a Believer of Lugonu.
             Slain by a gnoll
             ... wielding a +4 spear
              (4 damage)
             ... on level 2 of the Dungeon.
             The game lasted 00:04:21 (1197 turns).

xian the Trooper (Draconian Abyssal Knight)         Turns: 1197, Time: 00:04:21

Health: 0/49       AC: 21    Str: 15 (17) XL:     3   Next: 66%
Magic:  4/4        EV:  2    Int:  7 (10) God:    Lugonu [**....]
Gold:   135        SH:  0    Dex: 10 (11) Spells: 2/2 levels left

rFire   . . .      SeeInvis .   a - +2 hand axe
rCold   . . .      Faith    .   (no shield)
rNeg    . . .      Spirit   .   (body armour unavailable)
rPois   +          Reflect  .   (helmet currently unavailable)
rElec   .          Harm     .   (cloak currently unavailable)
rCorr   .          Rampage  .   (gloves currently unavailable)
Will    .....      NoTele   +   (boots currently unavailable)
Stlth   +.........              (no amulet)
HPRegen 0.16/turn               (no ring)
MPRegen 0.09/turn               (no ring)

@: tree-form
A: stationary, stasis, torment immunity, boosted hp, AC +5, unfitting armour,
(cold-blooded)
a: Renounce Religion, Depart the Abyss, Bend Space


You were on level 2 of the Dungeon.
You worshipped Lugonu.
Lugonu was pleased with you.
You were a tree.
You visited 1 branch of the dungeon, and saw 2 of its levels.
You visited the Abyss 1 time.

You collected 135 gold pieces.

Inventory:

Hand Weapons
 a - a +2 hand axe (weapon)
Scrolls
 b - a scroll of magic mapping {unknown}
 f - a scroll of enchant armour {unknown}
 j - a scroll of noise {unknown}
Potions
 i - a potion of mutation {unknown}
 l - a potion of brilliance {unknown}


   Skills:
 + Level 4.0 Fighting
 + Level 2.4 Axes
 + Level 2.6 Dodging
 + Level 0.3 Stealth
 * Level 2.5 Invocations


You had 2 spell levels left.
You didn't know any spells.
Your spell library was empty.

Dungeon Overview and Level Annotations

Branches:
Dungeon (2/15)

Altars:
Nemelex Xobeh

Shops:
D:2 *


Innate Abilities, Weirdness & Mutations

You are a tree.
Your roots penetrate the ground, keeping you stationary.
You cannot be teleported.
You are immune to unholy pain and torment.
Your maximum health is greatly increased.
Your equipment is partially melded.
((Your plain brown scales are hard. (AC +5)))
You cannot fit into any form of body armour.
((You are cold-blooded and may be slowed by cold attacks.))


Message History

You cannot move.
Unknown command.
Okay, then.
There are no items here.
There are no items here.
You aren't in the Abyss!
You cannot move.
You cannot move.
The gnoll hits you from afar with a +4 spear.
The gnoll hits you from afar with a +4 spear.
The gnoll barely misses you.
You aren't carrying any items that you can evoke.
As you read the scroll labelled QARIOR ZIFAMET, it crumbles to dust.
It is a scroll of amnesia.
You feel forgetful for a moment. The gnoll hits you but does no damage.
As you read the scroll labelled VUCSOG XUUMICH, it crumbles to dust.
The scroll dissolves into smoke.
It was a scroll of fog.
The gnoll hits you from afar with a +4 spear.
* * * LOW HITPOINT WARNING * * *
Unknown command.
As you read the scroll labelled ZIZINE BELUTIUL, it crumbles to dust.
It is a scroll of enchant weapon.
Your +1 hand axe glows red for a moment.
The gnoll hits you from afar with a +4 spear.
* * * LOW HITPOINT WARNING * * *
As you read the scroll labelled TEJATURACZO, it crumbles to dust.
The creatures around you are filled with an inner flame!
It was a scroll of immolation.
The gnoll hits you but does no damage.
Unknown command.
As you read the scroll labelled LUMIMM GEODAAZ, it crumbles to dust.
You feel a strange sense of stasis.
It was a scroll of teleportation.
The gnoll hits you but does no damage.
Unknown command.
You cannot move.
The gnoll hits you from afar with a +4 spear!
* * * LOW HITPOINT WARNING * * *
The gnoll hits you but does no damage. The gnoll barely misses you.
The gnoll hits you from afar with a +4 spear.
You die...

# #......#######.......##......
#####...........##.......##).....
...÷............##...............
#.###........_...#......<########
'.# #..................### ###
#.........[.####...# #
##.#......### #...#
######<#......######..[#
.....†........§§♣§ggg..#
...........#<.######w..#
.....†...........# #...#
....>............###..!#
.###..........................
.)#####...........#####'######
#.# ##..........###J..?.###. #.#
#..........##..!..###.. #.###
#..........#.....###r..


You could see a gnoll (inner flame).

Vanquished Creatures
  A gnoll (D:2)
  An adder (D:2)
  3 dart slugs
  A ball python (D:1)
  3 endoplasms
  2 giant cockroaches
  3 goblins
  4 hobgoblins
  2 kobolds
  3 bats
  A frilled lizard (D:2)
  3 rats
27 creatures vanquished.

Vanquished Creatures (others)
  3 demonic plants (D:1)
  A withered plant (D:1)
4 creatures vanquished.

Grand Total: 31 creatures vanquished

Notes
Turn   | Place    | Note
-------+----------+-------------------------------------------
     0 | Abyss:1  | xian the Draconian Abyssal Knight began the quest for the
                  | Orb.
     0 | Abyss:1  | Reached XP level 1. HP: 19/19 MP: 2/2
    54 | Abyss:1  | Noticed a tyrant leech
    56 | Abyss:1  | Noticed a thrashing horror
    59 | D:1      | Escaped the Abyss
   310 | D:1      | Reached XP level 2. HP: 24/26 MP: 3/3
   348 | D:1      | Found a faded altar of an unknown god.
   738 | D:1      | You fall into a shaft and drop 1 floor!
   779 | D:2      | Reached XP level 3. HP: 16/33 MP: 4/4
   780 | D:2      | Found a sparkling altar of Nemelex Xobeh.
   996 | D:2      | Reached skill level 4 in Fighting
  1080 | D:2      | Found Ydacuron's General Store.
  1197 | D:2      | Slain by a gnoll

Illustrated notes

Levels and vault maps discovered:
D:1:      evilmike_arrival_hilbert_curve, layout_loops_corners,
          shapermc_ecumenical_altar_gd
D:2:      layout_rooms, serial_shops, nicolae_shop_behind_doors, basic_altar,
          minmay_quadrilaterals

Skill      XL: |  1  2  3 |
---------------+----------+-----
Fighting       | 4 |  4.0
Axes           | |  2.4
Dodging        | |  2.6
Stealth        | |  0.3
Invocations    | |  2.5

Action                   || total
-------------------------++-------
Melee: Hand axe          ||    72
       Tailslap          ||    11
Invok: Depart the Abyss  ||     1
  Use: Scroll            ||     5
       Potion            ||     3
Armor: Skin              ||    46
Dodge: Dodged            ||    65
